AoeStats
← Shredded_Pork

African Clearing

506388477Analyzed
4v4 RM · 19d ago on Sep 13, 2026· 49m 18s· 8 players
Game mode
Random Map
Map size
Large (8 player)
Population
200
Speed
Normal
Resources
Standard
Victory
Conquest
Starting age
Dark Age
Ending age
Imperial Age
RankedLock teamsTeams togetherTeam positionsShared explorationLock speedFull tech treeHidden civsTurbo modeCheats
Victory
Defeat
🇺🇸 Mongols · United States
835
+14
🇧🇷 Vietnamese · Brazil
801
+16
🇦🇺 Celts · Australia
759
+17
🇷🇺 Wei · Russia
739
+18
🇨🇳 Franks · China
848
-18
🇹🇼 Portuguese · Taiwan
791
-16
🇨🇳 Hindustanis · China
778
-16
🇨🇳 Spanish · China
756
-15
Shredded_Pork
卢本伟
sundaye-peking
11:19 Loom
19:02 Feudal Age
19:29 Double-Bit Axe
28:35 Scale Mail Armor
28:46 Forging
31:18 Wheelbarrow
老多金仙人
Fat Asian Dude
13:59 Feudal Age
14:49 Double-Bit Axe
16:42 Wheelbarrow
18:31 Gold Mining
22:54 Castle Age
24:17 Gold Shaft Mining
23:55 Bow Saw
24:51 Forging
27:26 Scale Barding Armor
27:31 Horse Collar
28:56 Bloodlines
28:46 Husbandry
29:18 Stone Mining
29:22 Fletching
29:33 Padded Archer Armor
30:02 Heavy Plow
31:41 Stone Shaft Mining
33:46 Hand Cart
33:58 Bodkin Arrow
35:26 Leather Archer Armor
36:25 Chain Barding Armor
40:16 Iron Casting
39:23 Light Cavalry
40:47 Ballistics
44:08 Imperial Age
41:25 Town Watch
41:26 Loom
41:53 Thumb Ring
42:36 Town Patrol
46:03 Chemistry
45:09 Siege Engineers
45:31 Parthian Tactics
44:43 Elite Mangudai
45:44 Conscription
49:14 Blast Furnace
48:14 Bracer
Thorrado
4:38 Loom
14:35 Feudal Age
16:51 Double-Bit Axe
17:25 Bloodlines
20:41 Horse Collar
23:57 Forging
24:56 Scale Barding Armor
29:20 Castle Age
28:44 Wheelbarrow
28:04 Stone Mining
31:25 Fletching
34:19 Husbandry
33:44 Light Cavalry
34:38 Murder Holes
35:05 Bodkin Arrow
35:14 Padded Archer Armor
40:17 Hand Cart
42:45 Imperial Age
41:58 Iron Casting
41:44 Chain Barding Armor
43:08 Spies/Treason
43:57 Cavalier
46:24 Bracer
46:40 Leather Archer Armor
47:01 Plate Barding Armor
46:26 Scale Mail Armor
46:51 Paper Money
47:05 Chatras
ANDREEVICH
Theoderic
5:07 Loom
15:31 Feudal Age
16:38 Horse Collar
19:26 Wheelbarrow
24:52 Castle Age
23:03 Gold Mining
23:02 Man-at-Arms
24:21 Double-Bit Axe
26:19 Hand Cart
26:40 Bow Saw
27:16 Gold Shaft Mining
31:26 Gambesons
31:02 Long Swordsman
44:06 Husbandry
48:42 Town Watch
51:28 Imperial Age
Connection lost

Rejoining the realm…

Still unreachable

The connection could not be restored.

Session expired

The server has moved on; the page needs a fresh start.